 Dungeon Crawl Stone Soup version 0.29.1-1-gd02db6906a (webtiles) character file.

Game seed: 13765761516845170207

270 jamesp the Conjurer (level 6, -4/51 HPs)
             Began as a Draconian Conjurer on Oct 6, 2022.
             Killed by nerve-wracking pain
             ... invoked by an orc priest
              (9 damage)
             ... on level 3 of the Dungeon.
             The game lasted 00:08:31 (3667 turns).

jamesp the Conjurer (Draconian Conjurer)            Turns: 3667, Time: 00:08:31

Health: -4/51      AC:  7    Str: 10    XL:     6   Next: 1%
Magic:  11/11      EV: 16    Int: 20    God:
Gold:   135        SH:  0    Dex:  9    Spells: 11/12 levels left

rFire   . . .      SeeInvis .   d - +1 spear (venom)
rCold   . . .      Faith    .   (no shield)
rNeg    . . .      Spirit   .   (body armour unavailable)
rPois   .          Reflect  .   (helmet restricted)
rElec   .          Harm     .   (no cloak)
rCorr   .          Rampage  .   (no gloves)
Will    .....                   n - +0 pair of boots
Stlth   +.........              (no amulet)
HPRegen 0.17/turn               o - +4 ring of evasion
MPRegen 0.12/turn               (no ring)

@: confused
A: AC +6, unfitting armour, cold-blooded
a: no special abilities


You were on level 3 of the Dungeon.
You visited 1 branch of the dungeon, and saw 4 of its levels.

You collected 135 gold pieces.

Inventory:

Hand Weapons
 d - a +1 spear of venom (weapon)
Missiles
 b - 29 stones
Armour
 n - a +0 pair of boots (worn)
Jewellery
 o - a +4 ring of evasion (left hand)
Scrolls
 c - 3 scrolls of magic mapping
 e - a scroll of enchant weapon {unknown}
 g - a scroll of poison {unknown}
 i - 2 scrolls of fog {unknown}
 m - a scroll of blinking {unknown}
 p - a scroll of vulnerability {unknown}
Potions
 a - 3 potions of magic
 h - a potion of lignification
 j - 2 potions of attraction
 l - a potion of flight


   Skills:
 - Level 3.0 Fighting
 + Level 2.3 Dodging
 - Level 1.7 Stealth
 + Level 3.6 Spellcasting
 + Level 5.3 Conjurations


You had 11 spell levels left.
You knew the following spells:

 Your Spells              Type           Power      Damage    Failure   Level
a - Magic Dart            Conj           100%       1d8       1%          1

Your spell library contained the following spells:

 Spells                   Type           Power      Damage    Failure   Level
 Searing Ray              Conj           50%        2d6       2%          2
 Dazzling Flash           Conj/Hex       28%        N/A       13%         3
 Fulminant Prism          Conj/Hex       7%         3d7       41%         4
 Iskenderun's Mystic Bla  Conj/Tloc      14%        2d5       41%         4


Dungeon Overview and Level Annotations

Branches:
Dungeon (4/15)
 Temple: D:4-7

Altars:


Innate Abilities, Weirdness & Mutations

Your plain brown scales are hard. (AC +6)
You cannot fit into any form of body armour.
You are cold-blooded and may be slowed by cold attacks.


Message History

You barely miss the orc wizard.
The orc wizard is moderately wounded.
The orc wizard hits you but does no damage.
The orc priest invokes the aid of Beogh against you.
Beogh smites you!
You closely miss the orc priest.
The orc priest is heavily wounded.
The orc wizard closely misses you.
The orc priest hits you with a +0 flail.
The orc wizard hits you but does no damage.
The orc priest invokes the aid of Beogh against you.
Beogh smites you!
* * * LOW HITPOINT WARNING * * *
You feel better. The orc wizard barely misses you.
The orc priest miscasts a cantrip.
The orc priest attacks as you move away!
The orc priest barely misses you.
The orc wizard attacks as you move away!
The orc wizard misses you.
The orc wizard attacks as you move away!
The orc wizard hits you but does no damage.
The orc wizard casts a spell at you.
You are confused.
The orc priest calls down the wrath of Beogh upon you.
Beogh smites you!
* * * LOW HITPOINT WARNING * * *
You're too confused to aim your attacks!
There are monsters nearby!
The orc priest calls upon Beogh to heal the orc wizard.
The orc wizard is healed somewhat.
The orc priest looks more healthy.
You bump into the rock wall.
You bump into the rock wall.
The orc wizard casts a spell.
The orc wizard flickers and vanishes!
Deactivating autopickup; reactivate with Ctrl-A.
You barely miss something.
The orc priest mumbles some strange prayers to Beogh against you.
Pain shoots through your body!
You die...

.###.#..........#.#
................#.#
.....#.#..##.#..#.#
.##........#.#....#
................>##
....#...######.#.#
#####...# #.#o#
##'## #.#.# ###
#..@# ###.# #.# #.#
#.# #.# ## #####
#.# .###...# #.#
..####.# #.#


You could see an orc priest.

Vanquished Creatures
  A jelly (D:3)
  An orc priest (D:3)
  An orc wizard (D:2)
  Natasha (thrice) (D:2)
  3 adders
  A worm (D:2)
  3 dart slugs
  3 orcs (D:3)
  2 bats
  9 endoplasms
  5 giant cockroaches
  5 goblins
  4 hobgoblins
  5 jackals (D:1)
  5 kobolds
  2 quokkas
  9 ball pythons
  5 frilled lizards
  4 rats
71 creatures vanquished.

Notes
Turn   | Place    | Note
-------+----------+-------------------------------------------
     0 | D:1      | jamesp the Draconian Conjurer began the quest for the Orb.
     0 | D:1      | Reached XP level 1. HP: 14/14 MP: 3/3
   405 | D:1      | Reached XP level 2. HP: 22/22 MP: 0/5
   473 | D:1      | Reached skill level 1 in Fighting
   921 | D:1      | Reached XP level 3. HP: 28/28 MP: 3/6
  1961 | D:2      | Noticed Natasha
  1973 | D:2      | Killed Natasha
  1974 | D:2      | Reached XP level 4. HP: 12/36 MP: 8/8
  2238 | D:2      | Noticed Natasha
  2333 | D:2      | Killed Natasha
  2522 | D:2      | Noticed Natasha
  2535 | D:2      | Killed Natasha
  2697 | D:2      | Reached skill level 5 in Conjurations
  2697 | D:2      | Reached XP level 5. HP: 36/45 MP: 9/9
  2921 | D:3      | Found a faded altar of an unknown god.
  3628 | D:4      | Reached XP level 6. HP: 51/51 MP: 11/11
  3667 | D:3      | Killed from afar by an orc priest

Illustrated notes

Levels and vault maps discovered:
D:1:      roderic_crossed_star, layout_basic, st_stairs_9
D:2:      layout_rooms, uniq_natasha
D:3:      layout_basic, chequers_ecumenical_altar_island
D:4:      layout_loops_ring, minmay_fractal_squares_diagonal_5, uniq_duvessa

Skill      XL: |  1  2  3  4  5 |
---------------+----------------+-----
Fighting       | 1 2 3 |  3.0
Spellcasting   | 3 |  3.6
Conjurations   | 5 |  5.3
Dodging        | 2 |  2.3
Stealth        | |  1.7

Action                   |  1- 3 |  4- 6 || total
-------------------------+-------+-------++-------
Melee: Spear             |    41 |    81 ||   122
       Tailslap          |     1 |     8 ||     9
 Cast: Magic Dart        |    61 |    33 ||    94
  Use: Scroll            |       |     5 ||     5
       Potion            |       |     1 ||     1
 Stab: Sleeping          |     1 |     4 ||     5
Armor: Skin              |     4 |    17 ||    21
Dodge: Dodged            |    15 |    55 ||    70
